 Dungeon Crawl Stone Soup version 0.20.1-1-g8b1a95d (webtiles) character file.

87 pstr the Digger (level 4, 0/30 (33) HPs)
             Began as a Ghoul Earth Elementalist on Dec 8, 2017.
             Was an Initiate of Qazlal.
             Slain by an adder (5 damage)
             ... on level 2 of the Dungeon.
             The game lasted 00:06:55 (2740 turns).

pstr the Digger (Ghoul Earth Elementalist)          Turns: 2740, Time: 00:06:55

HP:   0/30 (33)     AC:  2    Str: 11    XL:     4   Next: 51%
MP:   0/16          EV: 12    Int: 11    God:    Qazlal [......]
Gold: 139           SH:  0    Dex:  9    Spells: 2/8 levels left

rFire    . . .     SeeInvis .   r - +0 flail (curse)
rCold    + . .     Gourm    .   (no shield)
rNeg     + + +     Faith    .   c - +0 robe
rPois    ∞         Spirit   .   (no helmet)
rElec    .         Reflect  .   (no cloak)
rCorr    .         Harm     .   (no gloves)
MR       .....                  (no boots)
Stlth    ++........             (no amulet)
Regen    0.0/turn               m - ring of magical power
MPRegen  0.2/turn               (no ring)

@: very slightly contaminated, rotting
A: rotting body, claws 1, carnivore 3, cold resistance 1, negative energy
resistance 3, inhibited regeneration, torment resistance, unbreathing
a: Renounce Religion


You were on level 2 of the Dungeon.
You worshipped Qazlal.
Qazlal was noncommittal.
You were not hungry.

You visited 1 branch of the dungeon, and saw 3 of its levels.

You collected 139 gold pieces.

Inventory:

Hand Weapons
 j - a +0 short sword
 r - a cursed +0 flail (weapon)
Missiles
 b - 41 stones (quivered)
Armour
 c - a +0 robe (worn)
Jewellery
 m - a ring of magical power (left claw)
 o - an uncursed ring of protection from fire {unknown}
Scrolls
 f - 2 scrolls of teleportation {unknown}
 h - a scroll of magic mapping {unknown}
 i - a scroll of remove curse {unknown}
 n - a scroll of identify {unknown}
 p - a scroll of amnesia {unknown}
 q - a scroll of enchant weapon {unknown}
 s - a scroll of immolation {unknown}
Potions
 a - a potion of lignification {unknown}
 g - a potion of curing {unknown}
 k - a potion of flight {unknown}
 l - a potion of ambrosia {unknown}
 t - a potion of mutation {unknown}
Books
 e - a book of Geomancy

   Spells                             Type                      Level
   a - Sandblast                      Earth                        1
   b - Passwall                       Transmutation/Earth          2
   c - Stone Arrow                    Conjuration/Earth            3
   d - Petrify                        Transmutation/Earth          4
   e - Lee's Rapid Deconstruction     Earth                        5
Comestibles
 d - 2 meat rations


   Skills:
 + Level 2.0 Dodging
 + Level 2.5 Stealth
 + Level 2.8 Spellcasting
 + Level 0.8 Transmutations
 + Level 4.3 Earth Magic


You had 2 spell levels left.
You knew the following spells:

 Your Spells              Type           Power        Failure   Level  Hunger
a - Sandblast             Erth           ##....       4%          1    #......
b - Passwall              Tmut/Erth      #.........   14%         2    ###....
c - Stone Arrow           Conj/Erth      #.....       32%         3    ###....


Dungeon Overview and Level Annotations

Branches:
Dungeon (3/15)

Altars:
Cheibriados
Qazlal

Annotations:
D:3 Terence


Innate Abilities, Weirdness & Mutations

Your body is rotting away.
You thrive on raw meat.
You are immune to poison.
You have sharp fingernails.
You are carnivorous and can eat meat at any time.
Your flesh is cold resistant. (rC+)
You are immune to negative energy. (rN+++)
You do not regenerate when monsters are visible.
You are immune to unholy pain and torment.
You can survive without breathing.


Message History

You see here a hobgoblin corpse.
Casting: Sandblast
Confirm with . or Enter, or press ? or * to list all spells.
You don't have enough magic to cast that spell.
The adder bites you.
Casting: Sandblast
Confirm with . or Enter, or press ? or * to list all spells.
Aiming: Sandblast
Press: ? - help, Shift-Dir - straight line, f - adder
Aim: an adder The blast of sand hits the adder.
The adder is lightly wounded.
b - 41 stones The adder barely misses you.
You closely miss the adder.
The adder is lightly wounded.
The adder bites you.
* * * LOW HITPOINT WARNING * * *
The adder bites you.
You die...

#....##............############.#
#....##............# #.#
#....#####.........# #.#
#....###########'######### #.#
.....'...................# #.#
#....########....#######.# #.#
#....# #........# #.# #.# #.####
#........# #.# #.#
#..######......#@### #.# #.#
...............+.S># #.# #.#
.#.###.........#.#.# #.# #.#
...###.........#.#.# #.# #.#
##.#.......#'###.#.# #.# #.#
.#.#.......#.###.#.#####.# #.#
.#.........#.......##....# #.#
.##........#.#######.....# #.#
.##........#.# #.≈≈≈..# #.#


You could see an adder.

Vanquished Creatures
  3 adders (D:2)
  A worm (D:2)
  4 dart slugs (D:2)
  6 bats
  2 giant cockroaches (D:1)
  7 goblins
  5 hobgoblins
  6 jackals
  A quokka (D:2)
  3 frilled lizards
  4 kobolds
  6 rats
48 creatures vanquished.

Notes
Turn   | Place    | Note
-------+----------+-------------------------------------------
     0 | D:1      | pstr the Ghoul Earth Elementalist began the quest for the Orb.
     0 | D:1      | Reached XP level 1. HP: 14/14 MP: 2/2
   184 | D:1      | Reached XP level 2. HP: 18/20 MP: 0/3
   688 | D:2      | Found a stormy altar of Qazlal.
   695 | D:2      | Reached skill level 4 in Earth Magic
   829 | D:2      | Noticed Terence
   867 | D:2      | Reached XP level 3. HP: 8/26 MP: 2/5
  1087 | D:2      | Learned a level 2 spell: Passwall
  1091 | D:2      | Learned a level 3 spell: Stone Arrow
  1778 | D:2      | Became a worshipper of Qazlal Stormbringer
  1881 | D:2      | Reached XP level 4. HP: 15/33 MP: 5/6
  2377 | D:2      | Found a snail-covered altar of Cheibriados.
  2740 | D:2      | Slain by an adder

Skill      XL: |  1  2  3 |
---------------+----------+-----
Spellcasting   | 2 |  2.8
Earth Magic    | 4 |  4.3
Dodging        | 2 |  2.0
Stealth        | |  2.5
Transmutations | |  0.8

Action                   |  1- 3 |  4- 6 || total
-------------------------+-------+-------++-------
Melee: Flail             |       |     3 ||     3
 Cast: Sandblast         |    63 |     4 ||    67
       Stone Arrow       |     6 |    14 ||    20
  Eat: Chunk             |     5 |     4 ||     9
       Meat ration       |       |     1 ||     1
Armor: Robe              |    16 |     9 ||    25
Dodge: Dodged            |    56 |    28 ||    84
